| TOP OF THE 1ST |
|
Princeton Rays batting - Pitching for Oakland (APP) Athletics : LHP Logan Stewart
|
|
Pitching: LHP Logan Stewart
|
|
|
Batting: SHB Dan Trainer
|
0-0: Foul Ball, location: 2F 0-1: Ball 1-1: Ball 2-1: Swinging Strike 2-2: Foul Ball, location: 2F 2-2: Strikes out swinging
|
|
Batting: RHB Ben Saxton
|
0-0: Called Strike 0-1: SINGLE (Line Drive, 6D, EV 95.6 MPH)
|
|
Batting: LHB Dave Northam
|
0-0: Ball 1-0: Called Strike 1-1: Foul Ball, location: 2F 1-2: Ball 2-2: Foul Ball, location: 2F 2-2: Ball 3-2: Foul Ball, location: 2F 3-2: Base on Balls Ben Saxton to second
|
|
Batting: RHB Bobby Ross
|
0-0: Ball 1-0: Swinging Strike 1-1: Ball 2-1: Foul Ball, location: 2F 2-2: Foul Ball, location: 2F 2-2: Foul Ball, location: 2F 2-2: Grounds into double play, 5-4-3 (Groundball, 56, EV 81.2 MPH)
|
| Top of the 1st over - 0 runs, 1 hit, 0 errors, 1 left on base; Princeton 0 - Oakland (APP) 0 |
| BOTTOM OF THE 1ST |
|
Oakland (APP) Athletics batting - Pitching for Princeton Rays : LHP Han Keijzer
|
|
Pitching: LHP Han Keijzer
|
|
|
Batting: RHB Gabe Secundino
|
0-0: SINGLE (Groundball, 56D, EV 101.2 MPH)
|
|
Batting: SHB Raul Herrera
|
0-0: Swinging Strike 0-1: Ball 1-1: Foul Ball, location: 2F 1-2: Fielders Choice at 2nd, 4-6 (Groundball, 34S, EV 85.0 MPH)
|
|
Batting: RHB Phoctor Dill
|
0-0: Ball 1-0: Called Strike 1-1: Foul Ball, location: 2F 1-2: Ball 2-2: Ball 3-2: Strikes out swinging
|
|
Batting: RHB Toyohiko Nakajima
|
0-0: Called Strike 0-1: Ball 1-1: Fly out, F9 (Line Drive, 9, EV 93.1 MPH)
|
| Bottom of the 1st over - 0 runs, 1 hit, 0 errors, 1 left on base; Princeton 0 - Oakland (APP) 0 |
| TOP OF THE 2ND |
|
Princeton Rays batting - Pitching for Oakland (APP) Athletics : LHP Logan Stewart
|
|
Batting: RHB Sandoval Serzedelo
|
0-0: SINGLE (Groundball, 34D, EV 102.5 MPH)
|
|
Batting: RHB Willie Acevedo
|
0-0: Ball 1-0: Called Strike 1-1: Called Strike 1-2: Strikes out looking
|
|
Batting: RHB Cody Gebo
|
0-0: Fielders Choice at 2nd, 4-6 (Groundball, 4, EV 107.5 MPH)
|
|
Batting: LHB Matt Pena
|
0-0: Called Strike 0-1: Ball 1-1: Ball 2-1: Fly out, F7 (Line Drive, 78D, EV 93.1 MPH)
|
| Top of the 2nd over - 0 runs, 1 hit, 0 errors, 1 left on base; Princeton 0 - Oakland (APP) 0 |
| BOTTOM OF THE 2ND |
|
Oakland (APP) Athletics batting - Pitching for Princeton Rays : LHP Han Keijzer
|
|
Batting: RHB Pete Goerge
|
0-0: Ball 1-0: Fly out, F4 (Popup, 4D, EV 51.9 MPH)
|
|
Batting: LHB Ben Landry
|
0-0: Called Strike 0-1: SINGLE (Line Drive, 89S, EV 99.4 MPH)
|
|
Batting: LHB Diego Vega
|
0-0: Ball 1-0: Fielders Choice at 2nd, 4-6 (Groundball, 4, EV 85.0 MPH)
|
|
Batting: LHB Bryan Hodensack
|
0-0: Foul Ball, location: 2F 0-1: Foul Ball, location: 2F 0-2: Ball 1-2: Fly out, F3 (Popup, 3S, EV 72.5 MPH)
|
| Bottom of the 2nd over - 0 runs, 1 hit, 0 errors, 1 left on base; Princeton 0 - Oakland (APP) 0 |
| TOP OF THE 3RD |
|
Princeton Rays batting - Pitching for Oakland (APP) Athletics : LHP Logan Stewart
|
|
Batting: RHB Jeff Standridge
|
0-0: Ground out 6-3 (Groundball, 6MS, EV 88.1 MPH)
|
|
Batting: SHB Dan Trainer
|
0-0: Called Strike 0-1: Ball 1-1: Ball 2-1: Ball 3-1: Fly out, F8 (Flyball, 8LM, EV 90.0 MPH)
|
|
Batting: RHB Ben Saxton
|
0-0: Swinging Strike 0-1: Called Strike 0-2: Foul Ball, location: 2F 0-2: Ball 1-2: SINGLE (Line Drive, 78S, EV 93.8 MPH)
|
|
Pitching: RHP Andy Teague
|
|
|
Batting: LHB Dave Northam
|
0-0: Called Strike 0-1: Ball 1-1: Ball 2-1: Foul Ball, location: 2F 2-2: Foul Ball, location: 2F 2-2: Ball 3-2: SINGLE (Line Drive, 8RS, EV 85.6 MPH) Ben Saxton to second Ben Saxton to third
|
|
Batting: RHB Bobby Ross
|
0-0: Ball 1-0: Called Strike 1-1: Swinging Strike 1-2: Ball 2-2: Ball 3-2: Base on Balls Dave Northam to second
|
|
Batting: RHB Sandoval Serzedelo
|
0-0: Ball 1-0: Ball 2-0: Ball 3-0: Called Strike 3-1: Foul Ball, location: 2F 3-2: Strikes out looking
|
| Top of the 3rd over - 0 runs, 2 hits, 0 errors, 3 left on base; Princeton 0 - Oakland (APP) 0 |
| BOTTOM OF THE 3RD |
|
Oakland (APP) Athletics batting - Pitching for Princeton Rays : LHP Han Keijzer
|
|
Batting: RHB Dave Villarreal
|
0-0: Swinging Strike 0-1: Swinging Strike 0-2: Strikes out swinging
|
|
Batting: RHB Gabe Secundino
|
0-0: Foul Ball, location: 2F 0-1: SINGLE (Groundball, 5S, EV 74.4 MPH) (infield hit)
|
|
Batting: SHB Raul Herrera
|
0-0: Ball 1-0: Foul Ball, location: 2F 1-1: Called Strike 1-2: Ball 2-2: Hit by Pitch Gabe Secundino to second
|
|
Batting: RHB Phoctor Dill
|
0-0: Ball 1-0: Ball 2-0: Foul Ball, location: 2F 2-1: Swinging Strike 2-2: Ball Wild Pitch! Gabe Secundino to third Raul Herrera to second 3-2: Foul Ball, location: 2F 3-2: Foul Ball, location: 2F 3-2: Foul Ball, location: 2F 3-2: Foul Ball, location: 2F 3-2: Base on Balls
|
|
Batting: RHB Toyohiko Nakajima
|
0-0: Called Strike 0-1: Ball 1-1: DOUBLE (Line Drive, 9LM, EV 103.8 MPH) Gabe Secundino scores Raul Herrera scores Phoctor Dill to third
|
|
Batting: RHB Pete Goerge
|
0-0: Ball 1-0: Called Strike 1-1: Ball 2-1: Ball 3-1: Base on Balls
|
|
Batting: LHB Ben Landry
|
0-0: Foul Ball, location: 2F 0-1: Foul Ball, location: 2F 0-2: Ball 1-2: TRIPLE (Flyball, 89XD, EV 104.4 MPH) Phoctor Dill scores Toyohiko Nakajima scores Pete Goerge scores
|
|
Pitching: RHP Jonathan Holland
|
|
|
Batting: LHB Diego Vega
|
0-0: Ball 1-0: Called Strike 1-1: Foul Ball, location: 2F 1-2: Ball 2-2: Ball 3-2: Strikes out swinging
|
|
Batting: LHB Bryan Hodensack
|
0-0: Called Strike 0-1: Ball 1-1: Called Strike 1-2: Ground out U3 (Groundball, 3L, EV 102.5 MPH)
|
| Bottom of the 3rd over - 5 runs, 3 hits, 0 errors, 1 left on base; Princeton 0 - Oakland (APP) 5 |
| TOP OF THE 4TH |
|
Princeton Rays batting - Pitching for Oakland (APP) Athletics : RHP Andy Teague
|
|
Batting: RHB Willie Acevedo
|
0-0: Ball 1-0: Swinging Strike 1-1: Swinging Strike 1-2: Foul Ball, location: 2F 1-2: Strikes out looking
|
|
Batting: RHB Cody Gebo
|
0-0: Called Strike 0-1: Foul Ball, location: 2F 0-2: Ball 1-2: Foul Ball, location: 2F 1-2: Strikes out looking
|
|
Pitching: RHP Joey Patrick
|
|
|
Batting: LHB Matt Pena
|
0-0: Ball 1-0: Swinging Strike 1-1: Called Strike 1-2: Ball 2-2: Ball 3-2: SINGLE (Line Drive, 9LS, EV 92.5 MPH)
|
|
Batting: RHB Jeff Standridge
|
0-0: Ball 1-0: Called Strike 1-1: Ball 2-1: Foul Ball, location: 2F 2-2: Ball Wild Pitch! Matt Pena to second 3-2: Base on Balls
|
|
Batting: SHB Dan Trainer
|
0-0: Ball 1-0: Ball 2-0: Called Strike 2-1: Called Strike 2-2: 3-RUN HOME RUN (Flyball, 9D, EV 94.4 MPH), Distance : 352 ft
|
|
Pitching: RHP Matt Schmidt
|
|
|
Batting: RHB Ben Saxton
|
0-0: Ball 1-0: Ball 2-0: DOUBLE (Groundball, 5L, EV 111.2 MPH)
|
|
Batting: LHB Dave Northam
|
0-0: Ball 1-0: Foul Ball, location: 2F 1-1: Foul Ball, location: 2F 1-2: Ball 2-2: SINGLE (Groundball, 34D, EV 94.4 MPH) Ben Saxton to third
|
|
Batting: RHB Bobby Ross
|
0-0: Called Strike 0-1: Ball 1-1: Called Strike 1-2: Reached on error, E6 (Groundball, 6, EV 81.9 MPH) Ben Saxton scores Dave Northam to second
|
|
Batting: RHB Sandoval Serzedelo
|
0-0: Called Strike 0-1: Foul Ball, location: 2F 0-2: Strikes out swinging
|
| Top of the 4th over - 4 runs, 4 hits, 1 error, 2 left on base; Princeton 4 - Oakland (APP) 5 |
| BOTTOM OF THE 4TH |
|
Oakland (APP) Athletics batting - Pitching for Princeton Rays : RHP Jonathan Holland
|
|
Batting: RHB Dave Villarreal
|
0-0: Called Strike 0-1: Foul Ball, location: 2F 0-2: Strikes out swinging
|
|
Batting: RHB Gabe Secundino
|
0-0: Ground out 6-3 (Groundball, 6, EV 86.9 MPH)
|
|
Batting: SHB Raul Herrera
|
0-0: Called Strike 0-1: Ball 1-1: Ball 2-1: Hit by Pitch
|
|
Batting: RHB Phoctor Dill
|
0-0: Foul Ball, location: 2F 0-1: Ball 1-1: Called Strike 1-2: SINGLE (Line Drive, 5D, EV 95.6 MPH) Raul Herrera to second
|
|
Batting: RHB Toyohiko Nakajima
|
0-0: Ball 1-0: Swinging Strike 1-1: Ball 2-1: Foul Ball, location: 2F 2-2: Fly out, F8 (Flyball, 8LS, EV 95.0 MPH)
|
| Bottom of the 4th over - 0 runs, 1 hit, 0 errors, 2 left on base; Princeton 4 - Oakland (APP) 5 |
| TOP OF THE 5TH |
|
Princeton Rays batting - Pitching for Oakland (APP) Athletics : RHP Matt Schmidt
|
|
Batting: RHB Willie Acevedo
|
0-0: Ball 1-0: Foul Ball, location: 2F 1-1: Called Strike 1-2: Foul Ball, location: 2F 1-2: Strikes out looking
|
|
Pinch Hitting: LHB Ian Cranton
|
0-0: Ball 1-0: Fly out, F9 (Flyball, 89D, EV 88.1 MPH)
|
|
Batting: LHB Matt Pena
|
0-0: Called Strike 0-1: Called Strike 0-2: Ball 1-2: Strikes out swinging
|
| Top of the 5th over - 0 runs, 0 hits, 0 errors, 0 left on base; Princeton 4 - Oakland (APP) 5 |
| BOTTOM OF THE 5TH |
|
Oakland (APP) Athletics batting - Pitching for Princeton Rays : RHP Jonathan Holland
|
|
Now in LF: Sandoval Serzedelo
|
|
|
Now in CF: Gilbert Hoareau
|
|
|
Batting: RHB Pete Goerge
|
0-0: Called Strike 0-1: Ball 1-1: Ball 2-1: Foul Ball, location: 2F 2-2: Foul Ball, location: 2F 2-2: Foul Ball, location: 2F 2-2: Strikes out swinging
|
|
Batting: LHB Ben Landry
|
0-0: Swinging Strike 0-1: Ball 1-1: Ball 2-1: Ball 3-1: Called Strike 3-2: Strikes out swinging
|
|
Batting: LHB Diego Vega
|
0-0: Called Strike 0-1: Ball 1-1: Swinging Strike 1-2: Ball 2-2: Ball 3-2: Fly out, F9 (Flyball, 9LD, EV 96.2 MPH)
|
| Bottom of the 5th over - 0 runs, 0 hits, 0 errors, 0 left on base; Princeton 4 - Oakland (APP) 5 |
| TOP OF THE 6TH |
|
Princeton Rays batting - Pitching for Oakland (APP) Athletics : RHP Matt Schmidt
|
|
Batting: RHB Jeff Standridge
|
0-0: Ground out 6-3 (Groundball, 6M, EV 92.5 MPH)
|
|
Batting: SHB Dan Trainer
|
0-0: Ball 1-0: Called Strike 1-1: Ground out U3 (Groundball, 34, EV 106.2 MPH)
|
|
Batting: RHB Ben Saxton
|
0-0: Ball 1-0: Ball 2-0: Fly out, F8 (Line Drive, 8RD, EV 96.9 MPH)
|
| Top of the 6th over - 0 runs, 0 hits, 0 errors, 0 left on base; Princeton 4 - Oakland (APP) 5 |
| BOTTOM OF THE 6TH |
|
Oakland (APP) Athletics batting - Pitching for Princeton Rays : RHP Jonathan Holland
|
|
Pitching: RHP J.P. Taylor
|
|
|
Batting: LHB Bryan Hodensack
|
0-0: Called Strike 0-1: Ball 1-1: SINGLE (Groundball, 25, EV 70.0 MPH) (infield hit)
|
|
Batting: RHB Dave Villarreal
|
0-0: Grounds into double play, 6-4-3 (Groundball, 6S, EV 86.9 MPH)
|
|
Batting: RHB Gabe Secundino
|
0-0: Ball 1-0: Foul Ball, location: 2F 1-1: Ball 2-1: Called Strike 2-2: Foul Ball, location: 2F 2-2: Ground out 4-3 (Groundball, 4, EV 86.9 MPH)
|
| Bottom of the 6th over - 0 runs, 1 hit, 0 errors, 0 left on base; Princeton 4 - Oakland (APP) 5 |
| TOP OF THE 7TH |
|
Princeton Rays batting - Pitching for Oakland (APP) Athletics : RHP Matt Schmidt
|
|
Batting: LHB Dave Northam
|
0-0: Called Strike 0-1: Swinging Strike 0-2: DOUBLE (Flyball, 8LXD, EV 99.4 MPH)
|
|
Batting: RHB Bobby Ross
|
0-0: Ground out 5-3 (Groundball, 5L, EV 90.6 MPH)
|
|
Batting: RHB Sandoval Serzedelo
|
0-0: Called Strike 0-1: Ball 1-1: Ground out 5-3 (Groundball, 56S, EV 78.8 MPH)
|
|
Batting: RHB Willie Acevedo
|
0-0: Ball 1-0: Ball 2-0: Called Strike 2-1: Ball 3-1: Base on Balls
|
|
Pitching: RHP Luis Stuit
|
|
|
Pinch Hitting: LHB Jonathan Watt
|
0-0: Ball 1-0: Foul Ball, location: 2F 1-1: Called Strike 1-2: Strikes out swinging
|
| Top of the 7th over - 0 runs, 1 hit, 0 errors, 2 left on base; Princeton 4 - Oakland (APP) 5 |
| BOTTOM OF THE 7TH |
|
Oakland (APP) Athletics batting - Pitching for Princeton Rays : RHP J.P. Taylor
|
|
Now in LF: Carlos Ruelas
|
|
|
Now in CF: Sandoval Serzedelo
|
|
|
Batting: SHB Raul Herrera
|
0-0: Ball 1-0: Ball 2-0: Ground out U3 (Groundball, 34, EV 104.4 MPH)
|
|
Batting: RHB Phoctor Dill
|
0-0: Ball 1-0: Foul Ball, location: 2F 1-1: Fly out, F4 (Popup, 4MD, EV 47.5 MPH)
|
|
Batting: RHB Toyohiko Nakajima
|
0-0: Swinging Strike 0-1: Ball 1-1: Swinging Strike 1-2: Ball 2-2: Ball 3-2: SOLO HOME RUN (Flyball, 7D, EV 96.2 MPH), Distance : 370 ft
|
|
Batting: RHB Pete Goerge
|
0-0: Called Strike 0-1: Swinging Strike 0-2: Ball 1-2: Strikes out swinging
|
| Bottom of the 7th over - 1 run, 1 hit, 0 errors, 0 left on base; Princeton 4 - Oakland (APP) 6 |
| TOP OF THE 8TH |
|
Princeton Rays batting - Pitching for Oakland (APP) Athletics : RHP Luis Stuit
|
|
Pinch Hitting: RHB Luis Jara
|
0-0: Foul Ball, location: 2F 0-1: Swinging Strike 0-2: Ball 1-2: Strikes out looking
|
|
Pinch Hitting: RHB Toshikatsu Omori
|
0-0: Ball 1-0: Ball 2-0: Called Strike 2-1: SINGLE (Line Drive, 9LS, EV 103.8 MPH)
|
|
Batting: SHB Dan Trainer
|
0-0: Swinging Strike 0-1: Called Strike 0-2: Strikes out swinging
|
|
Batting: RHB Ben Saxton
|
0-0: Ball 1-0: Called Strike 1-1: Called Strike 1-2: Strikes out looking
|
| Top of the 8th over - 0 runs, 1 hit, 0 errors, 1 left on base; Princeton 4 - Oakland (APP) 6 |
| BOTTOM OF THE 8TH |
|
Oakland (APP) Athletics batting - Pitching for Princeton Rays : RHP J.P. Taylor
|
|
Now at 2B: Ben Saxton
|
|
|
Now at SS: Luis Jara
|
|
|
Now in RF: Gabe Wilcoxon
|
|
|
Batting: LHB Ben Landry
|
0-0: Called Strike 0-1: Ball 1-1: Ball 2-1: Ball 3-1: Ground out 6-3 (Groundball, 6, EV 87.5 MPH)
|
|
Batting: LHB Diego Vega
|
0-0: Ball 1-0: Called Strike 1-1: Ball 2-1: DOUBLE (Line Drive, 89D, EV 103.8 MPH)
|
|
Batting: LHB Bryan Hodensack
|
0-0: Intentional Walk
|
|
Pinch Hitting: RHB Nathaniel Adderley
|
0-0: Called Strike 0-1: Fielders Choice at 2nd, 6-4 (Groundball, 6M, EV 80.6 MPH) Diego Vega to third
|
|
Batting: RHB Gabe Secundino
|
0-0: Ball 1-0: Called Strike 1-1: Swinging Strike 1-2: Foul Ball, location: 2F 1-2: Foul Ball, location: 2F 1-2: Foul Ball, location: 2F 1-2: Foul Ball, location: 2F 1-2: Foul Ball, location: 2F 1-2: Foul Ball, location: 2F 1-2: Ball 2-2: 3-RUN HOME RUN (Flyball, 7LD, EV 94.4 MPH), Distance : 342 ft
|
|
Pitching: RHP Josh Carey
|
|
|
Batting: SHB Raul Herrera
|
0-0: Foul Ball, location: 2F 0-1: Swinging Strike 0-2: Ball 1-2: Strikes out swinging
|
| Bottom of the 8th over - 3 runs, 2 hits, 0 errors, 0 left on base; Princeton 4 - Oakland (APP) 9 |
| TOP OF THE 9TH |
|
Princeton Rays batting - Pitching for Oakland (APP) Athletics : RHP Luis Stuit
|
|
Now at C: Pat Betancourt
|
|
|
Batting: LHB Dave Northam
|
0-0: Ball 1-0: Called Strike 1-1: Ball 2-1: Ball 3-1: Foul Ball, location: 2F 3-2: SINGLE (Line Drive, 3D, EV 99.4 MPH)
|
|
Batting: RHB Bobby Ross
|
0-0: Ball 1-0: SINGLE (Groundball, 34, EV 106.2 MPH) (infield hit) Dave Northam to second
|
|
Batting: RHB Sandoval Serzedelo
|
0-0: Ball 1-0: Called Strike 1-1: Swinging Strike 1-2: Ball 2-2: Strikes out swinging
|
|
Batting: RHB Willie Acevedo
|
0-0: Foul Ball, location: 2F 0-1: Foul Ball, location: 2F 0-2: Strikes out swinging
|
|
Pinch Hitting: RHB Tony Bonilla
|
0-0: Called Strike 0-1: Ball Wild Pitch! Dave Northam to third Bobby Ross to second 1-1: Ball Wild Pitch! Dave Northam scores Bobby Ross to third 2-1: Ball 3-1: Foul Ball, location: 2F 3-2: Base on Balls
|
|
Pitching: LHP Noah Young
|
|
|
Batting: RHB Luis Jara
|
0-0: Ball 1-0: Ball 2-0: Swinging Strike 2-1: Called Strike 2-2: Ball 3-2: Strikes out swinging
|
| Top of the 9th over - 1 run, 2 hits, 0 errors, 2 left on base; Princeton 5 - Oakland (APP) 9 |
|